 Dungeon Crawl Stone Soup version 0.30-b1-2-g02819fbbbe (webtiles) character file.

Game seed: 12548647773345199505

116 sanka the Vexing (level 4, 0/33 HPs)
             Began as a Demigod Enchanter on May 18, 2023.
             Slain by an orc
             ... wielding a +0 hand axe
              (5 damage)
             ... on level 3 of the Dungeon.
             The game lasted 00:03:53 (1858 turns).

sanka the Vexing (Demigod Enchanter)                Turns: 1858, Time: 00:03:54

Health: 0/33       AC:  3    Str:  9    XL:     4   Next: 42%
Magic:  6/9        EV: 12    Int: 17    God:
Gold:   112        SH:  5    Dex: 18    Spells: 4/7 levels left

rFire   . . .        n - +0 war axe
rCold   . . .        (no shield)
rNeg    . . .        b - +0 robe
rPois   .            (no helmet)
rElec   .            (no cloak)
rCorr   .            (no gloves)
SInv    .            h - +0 pair of boots
Will    .....        f - amulet of reflection
Stlth   ++           (no ring)
HPRegen 0.25/turn    (no ring)
MPRegen 0.11/turn

%: reflection
@: confusing by touch
A: high MP 1, forlorn, divine attributes
a: no special abilities


You were on level 3 of the Dungeon.
You visited 1 branch of the dungeon, and saw 3 of its levels.

You collected 112 gold pieces.

Inventory:

Hand Weapons
 a - a +1 dagger
 n - a +0 war axe (weapon)
Missiles
 i - 11 poisoned darts (quivered)
 j - 4 boomerangs
Armour
 b - a +0 robe (worn)
 h - a +0 pair of boots (worn)
Jewellery
 f - an amulet of reflection (around neck)
Scrolls
 d - a scroll of brand weapon {unknown}
 g - a scroll of fear {unknown}
Potions
 c - 2 potions of invisibility
 e - a potion of cancellation {unknown}
 k - a potion of haste {unknown}
 l - a potion of heal wounds {unknown}
 m - a potion of attraction {unknown}
 o - a potion of degeneration {unknown}


   Skills:
 - Level 0.8 Short Blades
 - Level 1.7 Dodging
 - Level 2.6 Stealth
 - Level 2.0 Spellcasting
 + Level 4.9 Hexes


You had 4 spell levels left.
You knew the following spells:

 Your Spells              Type           Power      Damage    Failure   Level
a - Confusing Touch       Hex            18%        N/A       8%          3

Your spell library contained the following spells:

 Spells                   Type           Power      Damage    Failure   Level
 Tukima's Dance           Hex            18%        N/A       8%          3
 Ensorcelled Hibernation  Hex/Ice        20%        N/A       11%         2
 Dazzling Flash           Conj/Hex       20%        N/A       22%         3


Dungeon Overview and Level Annotations

Branches:
Dungeon (3/15)


Innate Abilities, Weirdness & Mutations

You have an increased reservoir of magic. (+10% MP)
You shall have no god before yourself.
Your divine heritage dramatically boosts your attributes as you level up.


Message History

The orc wizard is heavily wounded.
The orc wizard hits you but does no damage.
You hit the orc wizard.
The orc wizard is severely wounded.
The orc wizard hits you with a +0 dagger.
The orc wizard gestures at you while chanting.
The magic dart hits you.
You hit the orc wizard.
The orc wizard is almost dead.
The orc wizard barely misses you.
You barely miss the orc wizard.
The orc wizard is almost dead.
The orc wizard points at you and mumbles some strange words.
The puff of flame misses you.
The orc wizard gestures at you while chanting.
The magic dart hits you.
You barely miss the orc wizard.
The orc wizard is almost dead.
The orc wizard hits you with a +0 dagger.
You hit the orc wizard but do no damage.
The orc wizard is almost dead.
The orc wizard barely misses you. The orc wizard closely misses you.
You slash the orc wizard!
You kill the orc wizard!
You closely miss the orc. The orc hits you with a +0 hand axe.
The orc closely misses you.
Unknown command.
You barely miss the orc. The orc misses you.
You closely miss the orc. The orc closely misses you.
The orc hits you with a +0 hand axe.
* * * LOW HITPOINT WARNING * * *
The orc attacks as you move away! The orc hits you with a +0 hand axe.
* * * LOW HITPOINT WARNING * * *
Casting: Confusing Touch (quite dangerous; 8% risk of failure)
Confirm with . or Enter, or press ? or * to list all spells.
The spell is quite dangerous to miscast (8% risk of failure)!
Continue anyway?
Your hands begin to glow red.
The orc barely misses you.
You hit the orc but do no damage. The orc barely misses you.
You barely miss the orc. The orc hits you with a +0 hand axe.
You die...

#.# #### #.# ########...
#.# .#.#......# ..#.#
.#.#......+ ..#.#
.#.#......# #.#o#
.#.#......# #.#o#
.#.#.†)...# #.#o#
.#.#......# #.#@#
.#.#......# #.#.#
.#.#......####.#.######
........................
...###########.#........
#### #.#.####### #.#..
#.###. #.# .#


You could see 3 orcs.

Vanquished Creatures
  Natasha (D:2)
  An orc wizard (D:3)
  2 worms
  A dart slug (D:1)
  An orc (D:3)
  9 ball pythons
  5 bats
  3 endoplasms
  5 hobgoblins
  4 quokkas
  4 frilled lizards
  8 goblins
  7 kobolds
  2 rats (D:1)
53 creatures vanquished.

Notes
Turn   | Place    | Note
-------+----------+-------------------------------------------
     0 | D:1      | sanka the Demigod Enchanter began the quest for the Orb.
     0 | D:1      | Reached XP level 1. HP: 14/14 MP: 5/5
   156 | D:1      | Reached skill level 3 in Hexes
   218 | D:1      | Reached XP level 2. HP: 15/20 MP: 7/7
   870 | D:2      | Reached XP level 3. HP: 26/26 MP: 8/8
   885 | D:2      | Learned a level 3 spell: Confusing Touch
  1034 | D:2      | Reached skill level 4 in Hexes
  1582 | D:2      | Noticed Natasha
  1600 | D:2      | Killed Natasha
  1601 | D:2      | Reached XP level 4. HP: 18/33 MP: 4/9
  1858 | D:3      | Slain by an orc

Illustrated notes

Levels and vault maps discovered:
D:1:      scummos_arrival_forest, layout_basic
D:2:      layout_loops_ring, uniq_natasha
D:3:      layout_basic, uniq_grinder, uniq_terence, uniq_crazy_yiuf_cottage

Skill      XL: |  1  2  3 |
---------------+----------+-----
Spellcasting   | 2 |  2.0
Hexes          | 3 4 |  4.9
Short Blades   | |  0.8
Dodging        | |  1.7
Stealth        | |  2.6

Action                     |  1- 3 |  4- 6 || total
---------------------------+-------+-------++-------
  Melee: Dagger            |   170 |       ||   170
         War axe           |    10 |    42 ||    52
   Cast: Confusing Touch   |     3 |     2 ||     5
   Stab: Sleeping          |    10 |     1 ||    11
         Confused          |     3 |     1 ||     4
         Distracted        |     1 |       ||     1
 Armour: Robe              |    26 |     4 ||    30
  Dodge: Dodged            |    83 |    24 ||   107
  Block: Other             |    37 |     6 ||    43
         Reflection        |     1 |       ||     1
